 Dungeon Crawl Stone Soup version 0.24.0-2-g5b39cebb1c (webtiles) character file.

Game seed: 4753111352608189527, levelgen mode: deterministic

3572 Buffaloe the Destroyer (level 9, 0/69 HPs)
             Began as a Purple Draconian Conjurer on Oct 28, 2019.
             Was a Believer of Vehumet.
             Killed from afar by Erica (12 damage)
             ... with an orb of energy
             ... on level 8 of the Dungeon on Oct 29, 2019.
             The game lasted 00:56:55 (11740 turns).

Buffaloe the Destroyer (Purple Draconian Conjurer) Turns: 11740, Time: 00:56:56

Health: 0/69       AC: 12    Str: 10    XL:     9   Next: 84%
Magic:  10/37      EV: 13    Int: 20    God:    Vehumet [**....]
Gold:   440        SH:  0    Dex: 11    Spells: 12/26 levels left

rFire    . . .     SeeInvis .   u - staff of power
rCold    . . .     Gourm    .   (no shield)
rNeg     . . .     Faith    .   (armour unavailable)
rPois    +         Spirit   .   (helmet restricted)
rElec    .         Reflect  .   n - +0 cloak
rCorr    +         Harm     .   C - +0 pair of gloves
MR       +....                  g - +2 pair of boots
Stlth    ++........             (no amulet)
HPRegen  0.21/turn              x - ring of poison resistance
MPRegen  0.25/turn              i - ring of resist corrosion

@: about to teleport, very slightly contaminated, lightly drained, invisible
A: breathe power, unfitting armour, cold-blooded, AC +7
a: Breathe Dispelling Energy, Renounce Religion


You were on level 8 of the Dungeon.
You worshipped Vehumet.
Vehumet was pleased with you.
You were very hungry.

You visited 2 branches of the dungeon, and saw 9 of its levels.

You collected 440 gold pieces.

Inventory:

Hand Weapons
 h - a +2 dagger of venom
 r - the +6 short sword of Devotion {drain, rC- MR++ Dex+10}
   (You found it on level 4 of the Dungeon)

   A truly terrible weapon, it drains the life of those it strikes.
   It affects your dexterity (+10).
   It makes you vulnerable to cold.
   It affects your resistance to hostile enchantments.
Missiles
 A - 82 stones (quivered)
Armour
 g - a +2 pair of boots (worn)
 n - a +0 cloak (worn)
 C - a +0 pair of gloves (worn)
Magical Staves
 u - an uncursed staff of power (weapon)
Jewellery
 i - a ring of resist corrosion (right hand)
 l - an uncursed ring of fire
 p - an uncursed ring of see invisible
 x - a ring of poison resistance (left hand)
Wands
 q - a wand of random effects (21)
 s - a wand of scattershot (4)
 y - a wand of iceblast (6)
Scrolls
 a - a scroll of noise {unknown}
 c - a scroll of enchant armour {unknown}
 d - 7 scrolls of remove curse
 o - 2 scrolls of fog {unknown}
 t - 3 scrolls of amnesia
 z - a scroll of enchant weapon {unknown}
 E - a scroll of immolation
Potions
 f - a potion of might
 j - a potion of haste {unknown}
 k - a potion of brilliance
 m - 2 potions of agility
 w - 2 potions of mutation
 B - a potion of cancellation
 F - a potion of degeneration {unknown}
Comestibles
 b - 15 rations


   Skills:
 - Level 3.0(2.9) Fighting
 - Level 3.0 Dodging
 - Level 1.7 Stealth
 + Level 9.1 Spellcasting
 + Level 9.9 Conjurations
 + Level 5.5 Summonings
 + Level 1.9(1.8) Air Magic


You had 12 spell levels left.
You knew the following spells:

 Your Spells              Type           Power        Failure   Level  Hunger
a - Summon Lightning Spi  Summ/Air       ###.....     16%         4    ###....
b - Dazzling Spray        Conj/Hex       ####..       3%          3    None
c - Searing Ray           Conj           #####.       1%          2    None
e - Summon Small Mammal   Summ           ####         1%          1    None
m - Iskenderun's Mystic   Conj           #####...     1%          4    ###....

Your spell library contained the following spells:

 Spells                   Type           Power        Failure   Level  Hunger
 Flame Tongue             Conj/Fire      ####.        1%          1    None
 Magic Dart               Conj           ####         1%          1    None
 Call Imp                 Summ           ####....     1%          2    None
 Call Canine Familiar     Summ           ####....     2%          3    None
 Summon Guardian Golem    Hex/Summ       ###.....     8%          3    None
 Force Lance              Conj/Tloc      ####....     10%         4    ###....
 Fulminant Prism          Conj/Hex       ####......   10%         4    ###....
 Summon Ice Beast         Ice/Summ       ###.....     24%         4    ###....


Dungeon Overview and Level Annotations

Branches:
Dungeon (8/15)             Temple (1/1) D:4
   Lair: D:8-11

Altars:
Ashenzari
Dithmenos
Elyvilon
Fedhas
Gozag
Hepliaklqana
Kikubaaqudgha
Nemelex Xobeh
Qazlal
Ru
Sif Muna
Trog
Uskayaw
Vehumet
Wu Jian
Xom
Yredelemnul
Zin
The Shining One

Shops:
D:6 (

Annotations:
D:7 Joseph
D:8 Erica, Gastronok


Innate Abilities, Weirdness & Mutations

You can breathe bolts of dispelling energy.
Your rich purple scales are hard. (AC +7)
You cannot fit into any form of body armour.
You are cold-blooded and may be slowed by cold attacks.


Message History

Erica points at you and mumbles some strange words.
You easily resist.
Press: ? - help, v - describe, . - travel
Here: Erica, wielding a +0 scimitar of flaming and wearing a +0 robe The floor.
Erica points at you and mumbles some strange words.
The orb of energy hits you!!
* * * LOW HITPOINT WARNING * * *
Okay, then.
Okay, then.
Unknown command.
Okay, then.
You fade into invisibility!
You are very lightly contaminated with residual magic.
As you read the scroll of teleportation, it crumbles to dust.
You feel strangely unstable.
Erica screams, "Hurry, death AWAITS you!"
Erica points at something and mumbles some strange words.
The orb of energy hits you!
You die...

#.#####.........#
#....@.......#....
#.########.######.
#.# #.# #@# #>.
#.# ######## #.#
#......# # #.#
#......# .. #@#
#......+ .. #.#
#......#... #.#
#......#... #.#
#......'... #.#
#......#... #.#
###'##.# .. #.#
#.##.# . #(#
#.##)# #.# #.##)#


You could see Erica.

Vanquished Creatures
  Sigmund (D:5)
  Edmund (D:6)
  Duvessa (D:4)
  An orc warrior (D:8)
  2 ice beasts
  A sky beast (D:5)
  A phantom (D:8)
  3 ogres
  A necrophage (D:8)
  2 centaurs
  3 eyes of draining (D:4)
  A big kobold (D:8)
  Blork the orc (D:4)
  2 bullfrogs
  A gnoll sergeant (D:6)
  Dowan (D:4)
  A wyvern skeleton (D:8)
  2 scorpions (D:6)
  2 howler monkeys
  A jelly (D:4)
  2 crimson imps
  A quasit (D:6)
  A centaur skeleton (D:5)
  5 orc priests (D:5)
  5 hounds
  Ijyb (D:3)
  12 orc wizards
  6 worker ants
  A hound zombie (D:8)
  A hound skeleton (D:4)
  Robin (D:2)
  8 gnolls
  13 adders
  A shadow imp (D:6)
  2 oozes
  An adder skeleton (D:4)
  3 worms
  A dart slug (D:1)
  7 leopard geckos
  16 orcs
  12 bats
  10 giant cockroaches
  21 goblins
  13 hobgoblins
  14 jackals
  3 quokkas
  2 ball pythons
  6 frilled lizards
  A jackal skeleton (D:7)
  9 kobolds
  2 quokka skeletons (D:5)
  A quokka zombie (D:6)
  3 rats (D:2)
  A spectral orc (D:6)
215 creatures vanquished.

Notes
Turn   | Place    | Note
-------+----------+-------------------------------------------
     0 | D:1      | Buffaloe the Draconian Conjurer began the quest for the
                  | Orb.
     0 | D:1      | Reached XP level 1. HP: 14/14 MP: 3/3
   244 | D:1      | Reached XP level 2. HP: 20/20 MP: 0/5
  1013 | D:1      | Reached XP level 3. HP: 23/26 MP: 1/7
  1886 | D:2      | Reached XP level 4. HP: 33/33 MP: 5/8
  2262 | D:2      | Found a hazy altar of Hepliaklqana.
  2351 | D:2      | Reached skill level 5 in Conjurations
  2506 | D:2      | Identified the +0 helmet "Meek" {rN++}
  2506 | D:2      | Noticed Robin
  2694 | D:2      | Killed Robin
  3182 | D:3      | Found an ornate altar of the Wu Jian Council.
  3535 | D:3      | Noticed an ogre
  3594 | D:3      | Learned a level 3 spell: Dazzling Spray
  4224 | D:3      | Reached XP level 5. HP: 38/38 MP: 3/10
  4366 | D:3      | Noticed Ijyb
  4384 | D:3      | Killed Ijyb
  4881 | D:3      | Learned a level 2 spell: Searing Ray
  5124 | D:4      | Reached XP level 6. HP: 42/45 MP: 1/12
  5352 | D:4      | Found a bloodstained altar of Trog.
  5511 | D:4      | Reached skill level 5 in Spellcasting
  5520 | D:4      | Your scales start taking on a rich purple colour.
  5520 | D:4      | Reached XP level 7. HP: 50/50 MP: 1/16
  5747 | D:4      | Got a fine short sword
  5748 | D:4      | Identified the +6 short sword of Devotion {drain, rC- MR++
                  | Dex+10} (You found it on level 4 of the Dungeon)
  5843 | D:4      | Noticed Blork the orc
  5852 | D:4      | Killed Blork the orc
  5975 | D:4      | Found a staircase to the Ecumenical Temple.
  6006 | Temple   | Entered the Ecumenical Temple
  6234 | Temple   | Upgraded the game from 0.24.0-1-gfbc8707122 to
                  | 0.24.0-2-g5b39cebb1c
  6264 | Temple   | Became a worshipper of Vehumet
  6270 | Temple   | Learned a level 4 spell: Iskenderun's Mystic Blast
  6275 | Temple   | Learned a level 1 spell: Summon Small Mammal
  6366 | D:4      | Found a sparkling altar of Nemelex Xobeh.
  6408 | D:4      | Reached skill level 1 in Fighting
  6634 | D:4      | Found a glowing golden altar of the Shining One.
  6770 | D:4      | Noticed Duvessa
  6770 | D:4      | Noticed Dowan
  6777 | D:4      | Killed Duvessa
  6777 | D:4      | Reached skill level 1 in Summonings
  6778 | D:4      | Killed Dowan
  6981 | D:4      | Reached XP level 8. HP: 61/61 MP: 18/18
  7062 | D:5      | Entered Level 5 of the Dungeon
  7062 | D:5      | Noticed Sigmund
  7816 | D:5      | Killed Sigmund
  7977 | D:5      | Reached * piety under Vehumet
  7977 | D:5      | Offered knowledge of Shock by Vehumet.
  8203 | D:5      | Found an opulent altar of Gozag.
  8755 | D:5      | Found a shimmering blue altar of Sif Muna.
  9086 | D:5      | Reached XP level 9. HP: 69/69 MP: 20/20
 10050 | D:6      | Found Naufupt's Weapon Boutique.
 10211 | D:6      | Learned a level 4 spell: Summon Lightning Spire
 10340 | D:6      | Noticed Edmund
 10345 | D:6      | Killed Edmund
 10638 | D:6      | Found a basalt altar of Yredelemnul.
 10688 | D:7      | Noticed Joseph
 10706 | D:7      | Reached ** piety under Vehumet
 10713 | D:7      | Found a shadowy altar of Dithmenos.
 10718 | D:8      | Offered knowledge of Flame Tongue by Vehumet.
 11018 | D:8      | Reached skill level 5 in Summonings
 11506 | D:8      | Found a sparkling altar of Nemelex Xobeh.
 11534 | D:8      | Reached skill level 1 in Air Magic
 11661 | D:8      | Noticed Gastronok
 11704 | D:8      | Noticed Erica
 11740 | D:8      | Killed from afar by Erica

Levels and vault maps discovered:
D:1:      ncdulo_smallfort, layout_loops_ring, hex_large
D:2:      layout_loops_corners, lemuel_round_altar, serial_forest,
          infiniplex_forest_corner_1, infiniplex_forest_straight_4,
          infiniplex_forest_clump_C, infiniplex_forest_clump_long,
          infiniplex_forest_clump_diagonal, infiniplex_forest_clump_tiny,
          infiniplex_forest_clump_long, minmay_cupped, uniq_robin,
          uniq_crazy_yiuf_cottage
D:3:      kennysheep_goblin_castle, layout_loops_ring,
          nicolae_overflow_crystal_walls, serial_co_window_serial,
          co_window_corner_a, co_window_paths_b, co_window_of_opportunity_a,
          co_window_paths_a, co_window_corner_a, co_window_corner_cb,
          co_window_paths_c, co_window_paths_c, glass_columns_b,
          glass_columns_b, glass_columns_c, glass_columns_a, glass_columns_b,
          first_ration, kennysheep_generic_room_16
D:4:      minmay_razor_zed, layout_basic, trog_eyes_of_draining,
          nicolae_tso_swordbearing_angel, minmay_temple_entry_statues_fountains,
          nemelex_diamond_rough_becter, uniq_blork_the_orc, uniq_duvessa
D:5:      layout_basic, kennysheep_mini, lemuel_round_altar,
          kennysheep_opposing_triangles, uniq_ijyb, uniq_sigmund
D:6:      layout_loops_cross, yredelemnul_forgotten_temple_becter, serial_shops,
          shop, minmay_misc_feat_x, uniq_edmund
D:7:      layout_cave_pools, slow_altar_2,
          nicolae_dithmenos_through_a_glass_darkly, grunt_ogre_cave, uniq_joseph
D:8:      layout_basic, okawaru_altar_gauntlet_db, lemuel_doored_altar,
          minmay_misc_feat_square, uniq_gastronok, uniq_erica, uniq_psyche
Temple:   jpeg_temple_alley_garden

Skill      XL: |  1  2  3  4  5  6  7  8  9 |
---------------+----------------------------+-----
Spellcasting   | 3 4 6 7 9 |  9.1
Conjurations   | 5 6 7 9 |  9.9
Fighting       | 2 3 |  3.0
Summonings     | 1 3 5 |  5.5
Dodging        | 2 3 |  3.0
Air Magic      | 1 |  1.9
Stealth        | |  1.7

Action                   |  1- 3 |  4- 6 |  7- 9 || total
-------------------------+-------+-------+-------++-------
Melee: Unarmed           |     1 |       |       ||     1
       Dagger            |     3 |    65 |       ||    68
       Tailslap          |     1 |     9 |     3 ||    13
       Staff             |       |       |    47 ||    47
 Cast: Magic Dart        |    88 |   117 |    43 ||   248
       Dazzling Spray    |       |    12 |    67 ||    79
       Searing Ray       |       |     1 |    14 ||    15
       Iskenderun's Myst |       |       |   117 ||   117
       Summon Small Mamm |       |       |     2 ||     2
  Use: Scroll            |     1 |     5 |     7 ||    13
       Potion            |       |       |     1 ||     1
 Stab: Invisible         |       |     1 |     1 ||     2
       Sleeping          |       |       |     2 ||     2
  Eat: Chunk             |     4 |     8 |    19 ||    31
       Ration            |       |     1 |     3 ||     4
Armor: Skin              |    13 |    35 |    50 ||    98
Dodge: Dodged            |    20 |    66 |    97 ||   183
